Workbook

Sheet Question 1 - a
B2: ABC Inc.
B4: Date | C4: Description | D4: Account name | E4: #s | F4: Debit | G4: Cerdit
B6: 45658 | C6: Founders' contribution | D6: Cash | E6: 100 | F6: 100000
C7: for 100,000 common shares | D7: Common Share Capital | E7: 600 | G7: =100000*0.01 -> 1000
D8: APIC | E8: 610 | G8: =F6-G7 -> 99000
B10: 45689 | C10: SAFE Agreement - Investor A | D10: Cash | E10: 100 | F10: 500000
D11: SAFE Short-term Liability | E11: 450 | G11: 500000
B13: 45747 | C13: Bullet Loan | D13: Cash | E13: 100 | F13: 1000000
D14: Loan Long-term Liability | E14: 500 | G14: 1000000
B16: 45748 | C16: Purchase of Computers | D16: Computers - Fixed Assets | E16: 300 | F16: 9000
D17: Cash | E17: 100 | G17: 9000
B19: 45838 | C19: Annual insurance policy | D19: Pre-paid Expenses | E19: 250 | F19: 25000
D20: Cash | E20: 100 | G20: 25000
B22: 45504 | C22: July Revenue | D22: Customers | E22: 200 | F22: 50000
D23: Revenue | E23: 700 | G23: 50000
B25: 45930 | C25: Spetember Revenue | D25: Customers | E25: 200 | F25: 80000
D26: Revenue | E26: 700 | G26: 80000
B28: 45930 | C28: Bullet Loan - Interest payment | D28: Interest Expenses | E28: 900 | F28: =1000000*0.05*0.5 -> 25000
D29: Cash | E29: 100 | G29: =F28 -> 25000
B31: 45930 | C31: July customer payment | D31: Cash | E31: 100 | F31: 50000
D32: Customers | E32: 200 | G32: 50000
B34: 45991 | C34: Round A - Investor B | D34: Cash | E34: 100 | F34: 3000000
D35: Preferred Stock - A | E35: 650 | G35: 3000000
B37: 45991 | C37: Conversion of SAFE | D37: SAFE Short-term Liability | E37: 450 | F37: 500000
D38: Preferred Stock - A | E38: 650 | G38: 500000
B40: 30/11//2025 | C40: September customer payment | D40: Cash | E40: 100 | F40: 80000
D41: Customers | E41: 200 | G41: 80000
B43: 46022 | C43: December Revenue | D43: Customer | E43: 200 | F43: 120000
D44: Revenue | E44: 700 | G44: 120000
B46: 46022 | C46: Payroll expenses | D46: Payroll expenses - OPEX | E46: 810 | F46: =30000*12 -> 360000
D47: Cash | E47: 100 | G47: =30000*11 -> 330000
D48: Employees - Liability | E48: 410 | G48: 30000
B50: 46022 | C50: Rent Expenses | D50: Rent expense - OPEX | E50: 820 | F50: =5000*12 -> 60000
D51: Cash | E51: 100 | G51: =F50 -> 60000
B53: 46022 | C53: Depreciation expenses | D53: Depreciation - OPEX | E53: 830 | F53: =9000/3*(9/12) -> 2250
D54: Accumulated Depreciation | E54: 310 | G54: =F53 -> 2250
B56: 46022 | C56: Bullet Loan - Interest accrual | D56: Interest expenses | E56: 900 | F56: =1000000*0.05*(3/12) -> 12500
D57: Interest Accrual - Liability | E57: 430 | G57: =F56 -> 12500
D60: Check | E60: =SUM(F6:F58)=SUM(G6:G58) -> TRUE

Sheet Question 1 - b
F2: ABC Inc.
F3: Balance Sheet
F4: as of December 31, 2025
K6: 46022
F7: Assets
E9: 100 | F9: Cash | K9: =SUMIF('Question 1 - a'!$E$6:$E$59,'Question 1 - b'!E9,'Question 1 - a'!$F$6:$F$9)-SUMIF('Question 1 - a'!$E$6:$E$59,'Question 1 - b'!E9,'Question 1 - a'!$G$6:$G$9) -> 4281000
E10: 200 | F10: Customers | K10: =SUMIF('Question 1 - a'!$E$6:$E$59,'Question 1 - b'!E10,'Question 1 - a'!$F$6:$F$9)-SUMIF('Question 1 - a'!$E$6:$E$59,'Question 1 - b'!E10,'Question 1 - a'!$G$6:$G$9) -> 120000
E11: 250 | F11: Pre-paid Expenses | K11: =SUMIF('Question 1 - a'!$E$6:$E$59,'Question 1 - b'!E11,'Question 1 - a'!$F$6:$F$9)-SUMIF('Question 1 - a'!$E$6:$E$59,'Question 1 - b'!E11,'Question 1 - a'!$G$6:$G$9) -> 25000
G12: Total current assets | K12: =SUM(K9:K11) -> 4426000
E14: 300 | F14: Computers | K14: =SUMIF('Question 1 - a'!$E$6:$E$59,'Question 1 - b'!E14,'Question 1 - a'!$F$6:$F$9)-SUMIF('Question 1 - a'!$E$6:$E$59,'Question 1 - b'!E14,'Question 1 - a'!$G$6:$G$9) -> 9000
E15: 310 | F15: Accumulated Depreciation | K15: =SUMIF('Question 1 - a'!$E$6:$E$59,'Question 1 - b'!E15,'Question 1 - a'!$F$6:$F$9)-SUMIF('Question 1 - a'!$E$6:$E$59,'Question 1 - b'!E15,'Question 1 - a'!$G$6:$G$9) -> -2250
G16: Total non-current assets | K16: =SUM(K14:K15) -> 6750
G18: Total Assets | K18: =K12+K16 -> 4432750
F20: Liabilities and Shareholders Equity
E22: 410 | F22: Employees | K22: =-1*(SUMIF('Question 1 - a'!$E$6:$E$59,'Question 1 - b'!E22,'Question 1 - a'!$F$6:$F$9)-SUMIF('Question 1 - a'!$E$6:$E$59,'Question 1 - b'!E22,'Question 1 - a'!$G$6:$G$9)) -> 30000
E23: 430 | F23: Accruals - other | K23: =-1*(SUMIF('Question 1 - a'!$E$6:$E$59,'Question 1 - b'!E23,'Question 1 - a'!$F$6:$F$9)-SUMIF('Question 1 - a'!$E$6:$E$59,'Question 1 - b'!E23,'Question 1 - a'!$G$6:$G$9)) -> 12500
E24: 450 | F24: SAFE Agreement | K24: =-1*(SUMIF('Question 1 - a'!$E$6:$E$59,'Question 1 - b'!E24,'Question 1 - a'!$F$6:$F$9)-SUMIF('Question 1 - a'!$E$6:$E$59,'Question 1 - b'!E24,'Question 1 - a'!$G$6:$G$9)) -> 0
G25: Total current liabilities | K25: =SUM(K22:K24) -> 42500
E27: 500 | F27: Bullet Loan | K27: =-1*(SUMIF('Question 1 - a'!$E$6:$E$59,'Question 1 - b'!E27,'Question 1 - a'!$F$6:$F$9)-SUMIF('Question 1 - a'!$E$6:$E$59,'Question 1 - b'!E27,'Question 1 - a'!$G$6:$G$9)) -> 1000000
G28: Total non-current liabilities | K28: =SUM(K27) -> 1000000
G30: Total Liabilities | K30: =K25+K28 -> 1042500
F33: ="Common Stock - "&'Question 1 - d'!E13 -> Common Stock - 100000
E34: 600 | F34: issued and outstanding, par value | K34: =-1*(SUMIF('Question 1 - a'!$E$6:$E$59,'Question 1 - b'!E34,'Question 1 - a'!$F$6:$F$9)-SUMIF('Question 1 - a'!$E$6:$E$59,'Question 1 - b'!E34,'Question 1 - a'!$G$6:$G$9)) -> 1000
E35: 610 | F35: Additional paid-in capital | K35: =-1*(SUMIF('Question 1 - a'!$E$6:$E$59,'Question 1 - b'!E35,'Question 1 - a'!$F$6:$F$9)-SUMIF('Question 1 - a'!$E$6:$E$59,'Question 1 - b'!E35,'Question 1 - a'!$G$6:$G$9)) -> 99000
F37: ="Preferred A Stock - "&'Question 1 - d'!F13 -> Preferred A Stock - 47500
E38: 650 | F38: issued and outstanding | K38: =-1*(SUMIF('Question 1 - a'!$E$6:$E$59,'Question 1 - b'!E38,'Question 1 - a'!$F$6:$F$9)-SUMIF('Question 1 - a'!$E$6:$E$59,'Question 1 - b'!E38,'Question 1 - a'!$G$6:$G$9)) -> 3500000
F40: Accumulated earnings/(loss) | K40: ='Question 1 - c'!J20 -> -209750
G42: Total Shareholders Equity | K42: =K34+K35+K38+K40 -> 3390250
G44: Total Liabilities and Shareholders Equity | K44: =K30+K42 -> 4432750
J46: Check | K46: =K18=K44 -> TRUE

Sheet Question 1 - c
F2: ABC Inc.
F3: Income Statement
F4: for the Year Ended December 31, 2025
J6: 2025
E8: 700 | F8: Revenue | J8: =-1*(SUMIF('Question 1 - a'!$E$6:$E$59,'Question 1 - c'!E8,'Question 1 - a'!$F$6:$F$9)-SUMIF('Question 1 - a'!$E$6:$E$59,'Question 1 - c'!E8,'Question 1 - a'!$G$6:$G$9)) -> 250000
F10: Operating Expenses:
E11: 810 | G11: Payroll | J11: =-1*(SUMIF('Question 1 - a'!$E$6:$E$59,'Question 1 - c'!E11,'Question 1 - a'!$F$6:$F$9)-SUMIF('Question 1 - a'!$E$6:$E$59,'Question 1 - c'!E11,'Question 1 - a'!$G$6:$G$9)) -> -360000
E12: 820 | G12: Rent | J12: =-1*(SUMIF('Question 1 - a'!$E$6:$E$59,'Question 1 - c'!E12,'Question 1 - a'!$F$6:$F$9)-SUMIF('Question 1 - a'!$E$6:$E$59,'Question 1 - c'!E12,'Question 1 - a'!$G$6:$G$9)) -> -60000
E13: 830 | G13: Depreciation | J13: =-1*(SUMIF('Question 1 - a'!$E$6:$E$59,'Question 1 - c'!E13,'Question 1 - a'!$F$6:$F$9)-SUMIF('Question 1 - a'!$E$6:$E$59,'Question 1 - c'!E13,'Question 1 - a'!$G$6:$G$9)) -> -2250
J14: =SUM(J11:J13) -> -422250
F16: Operating profit/(loss) | J16: =J8+J14 -> -172250
E18: 900 | F18: Interest Expenses | J18: =-1*(SUMIF('Question 1 - a'!$E$6:$E$59,'Question 1 - c'!E18,'Question 1 - a'!$F$6:$F$9)-SUMIF('Question 1 - a'!$E$6:$E$59,'Question 1 - c'!E18,'Question 1 - a'!$G$6:$G$9)) -> -37500
F20: Net income/(loss) | J20: =J16+J18 -> -209750

Sheet Question 1 - d
C3: Shareholders Interest as of December 31, 2025
E5: Common | F5: Preferred A | G5: Total | I5: Interest
C7: Founders | E7: 100000 | G7: =SUM(E7:F7) -> 100000 | I7: =G7/$G$13 -> 0.6779661
C9: Investor A | F9: =F39 -> 10000 | G9: =SUM(E9:F9) -> 10000 | I9: =G9/$G$13 -> 0.06779661
C11: Investor B | F11: =F25 -> 37500 | G11: =SUM(E11:F11) -> 37500 | I11: =G11/$G$13 -> 0.25423729
C13: Total | E13: =SUM(E7:E11) -> 100000 | F13: =SUM(F7:F11) -> 47500 | G13: =SUM(G7:G11) -> 147500 | I13: =G13/$G$13 -> 1
C17: Round A - Share Price:
C19: Pre-money valuation | F19: 8000000
C20: Amount invested | F20: 3000000
C21: Shares outstanding (before SAFE) | F21: 100000
C23: Per Share valuation | F23: =F19/F21 -> 80
C25: Investor B # of shares | F25: =F20/F23 -> 37500
C27: Investor A - SAFE convertion
C29: Amount invested | F29: 500000
C31: Discount | F31: 0.3
C32: Per Share $ valuation | F32: =F23*(1-F31) -> 56
C34: Cap Valuation | F34: 5000000
C35: Per Share $ valuation | F35: =F34/F21 -> 50
C37: Investor A per share | F37: =MIN(F35,F32) -> 50
C39: Investor A # of shares | F39: =F29/F37 -> 10000
